 Dungeon Crawl Stone Soup version 0.31-a0-365-gcf821cafb2 (webtiles) character file.

Game seed: 1286618234877103132

397 LeprechaunX the Ruffian (level 6, -2/42 HPs)
             Began as an Octopode Shapeshifter on July 27, 2023.
             Slain by an iguana (11 damage)
             ... on level 4 of the Dungeon.
             The game lasted 00:05:17 (3197 turns).

LeprechaunX the Ruffian (Octopode Shapeshifter)     Turns: 3197, Time: 00:05:18

Health: -2/42      AC:  1    Str: 16    XL:     6   Next: 83%
Magic:  6/6        EV: 13    Int: 10    God:
Gold:   122        SH:  0    Dex: 13    Spells: 5/5 levels left

rFire   . .          .
                       - Unarmed
rCold   . . .        (no shield)
rNeg    + . .        (helmet currently unavailable)
rPois   .            (no amulet)
rElec   .            p - ring of positive energy
rCorr   .            (no ring)
SInv    .            (no ring)
Will    .....        (no ring)
Stlth   ++           (no ring)
HPRegen 0.27/turn    (no ring)
MPRegen 0.10/turn    (no ring)
                     (no ring)

%: no passive effects
@: beast-form
A: beast (slay +2), almost no armour, amphibious, 8 rings, camouflage 1,
gelatinous body 1, (nimble swimmer 1), tentacles
a: Begin Untransformation


You were on level 4 of the Dungeon.
You were a hulking beast.
You visited 1 branch of the dungeon, and saw 4 of its levels.

You collected 122 gold pieces.

Inventory:

Missiles
 c - 5 silver boomerangs (quivered)
Jewellery
 p - a ring of positive energy (left tentacle)
 s - a +4 ring of protection
Talismans
 b - a beast talisman
Wands
 r - a wand of paralysis (12)
Scrolls
 e - a scroll of revelation {unknown}
 h - 2 scrolls of teleportation {unknown}
 i - a scroll of amnesia {unknown}
 j - a scroll of blinking {unknown}
 l - a scroll of torment {unknown}
 m - 4 scrolls of poison {unknown}
 n - a scroll of enchant armour {unknown}
 o - 2 scrolls of identify {unknown}
 t - a scroll of fear {unknown}
Potions
 a - a potion of lignification
 d - a potion of enlightenment {unknown}
 f - 2 potions of curing {unknown}
 g - a potion of magic {unknown}
 k - a potion of mutation {unknown}
 q - 2 potions of might {unknown}


   Skills:
 + Level 3.0 Fighting
 + Level 2.8 Throwing
 - Level 2.0 Dodging
 * Level 5.1 Unarmed Combat
 + Level 3.9 Shapeshifting


You had 5 spell levels left.
You didn't know any spells.
Your spell library contained the following spells:

 Spells                   Type           Power      Damage    Failure   Level
 Call Canine Familiar     Summ           0%         N/A       75%         3
 Spellforged Servitor     Conj/Summ      0%         N/A       100%        7
 Lehudib's Crystal Spear  Conj/Erth      0%         10d2      100%        8


Dungeon Overview and Level Annotations

Branches:
Dungeon (4/15)
 Temple: D:4-7

Altars:
Elyvilon
Kikubaaqudgha
Qazlal

Shops:
D:3 *

Annotations:
D:2 1 runed translucent door, Crazy Yiuf


Innate Abilities, Weirdness & Mutations

You are a hulking beast.
Your limbs bulge with bestial killing power. (Slay +2)
You cannot wear most types of armour.
You are amphibious.
You can wear up to eight rings at the same time.
Your skin changes colour to match your surroundings (Stealth+).
Your rubbery body absorbs attacks. (AC +1, EV +1)
((You are camouflaged when in or above water. (Stealth+)))
You have tentacles for arms and can constrict up to eight enemies at once.


Message History

A hobgoblin comes into view.
You tentacle-slap the giant cockroach. Your grab misses the giant cockroach.
You squeeze the giant cockroach.
You kill the giant cockroach!
The hobgoblin shouts!
The hobgoblin closely misses you.
You closely miss the hobgoblin. Your grab misses the hobgoblin.
The hobgoblin barely misses you.
You bludgeon the hobgoblin!
You kill the hobgoblin!
No target in view!
No target in view!
f - 2 red potions (gained 1)
You see here 5 stones.
j - a scroll labelled CAHOTO FASA An iguana comes into view.
An iguana is nearby!
An iguana is nearby!
The iguana hisses angrily.
The iguana bites you!
You tentacle-slap the iguana. Your grab misses the iguana.
Your squeeze misses the iguana.
The iguana is moderately wounded.
The iguana barely misses you.
You barely miss the iguana. You grab the iguana. You squeeze the iguana.
The iguana is heavily wounded.
You constrict the iguana, but do no damage.
The iguana bites you!
You are too injured to fight recklessly!
You are too injured to fight recklessly!
You are too injured to fight recklessly!
You tentacle-slap the iguana but do no damage.
The iguana is heavily wounded.
You constrict the iguana. The iguana bites you!
* * * LOW HITPOINT WARNING * * *
You tentacle-slap the iguana but do no damage.
You squeeze the iguana, but do no damage.
The iguana is severely wounded.
You constrict the iguana. The iguana bites you!
You die...

.......# #...# #....... ..#.#..#
#...# #....... .......# #...#
#.......
...##..########...#########.....#
..###........ #...# ........###..
..# #..###### #...########### ###
### #..# #...# #..# #.l.# #..#
#.h.# #.## #...# #.#########...#
#..........!..# ###############


You could see an iguana.

Vanquished Creatures
  Sigmund (D:2)
  A scorpion (D:4)
  An orc priest (D:4)
  Jessica (D:2)
  An orc wizard (D:3)
  Robin (D:4)
  A gnoll (D:1)
  An adder (D:2)
  A dart slug (D:1)
  13 orcs
  2 bats
  4 endoplasms
  4 giant cockroaches
  14 goblins
  6 hobgoblins
  A quokka (D:2)
  5 ball pythons
  2 frilled lizards
  2 kobolds
  4 rats
66 creatures vanquished.

Notes
Turn   | Place    | Note
-------+----------+-------------------------------------------
     0 | D:1      | LeprechaunX the Octopode Shapeshifter began the quest for
                  | the Orb.
     0 | D:1      | Reached XP level 1. HP: 13/13 MP: 1/1
    27 | D:1      | Got the Octavo of the Phantasmal Mantle
    55 | D:1      | You fall into a shaft and drop 1 floor!
    90 | D:2      | Noticed Jessica
   202 | D:1      | Reached XP level 2. HP: 18/18 MP: 2/2
   480 | D:1      | Reached skill level 1 in Throwing
   480 | D:1      | Reached XP level 3. HP: 16/23 MP: 3/3
   580 | D:1      | Found a faded altar of an unknown god.
  1299 | D:2      | Found an ancient bone altar of Kikubaaqudgha.
  1403 | D:2      | Killed Jessica
  1404 | D:2      | Reached XP level 4. HP: 13/29 MP: 4/4
  1504 | D:2      | Noticed Sigmund
  1521 | D:2      | Killed Sigmund
  1522 | D:2      | Reached skill level 4 in Unarmed Combat
  1522 | D:2      | Reached XP level 5. HP: 12/35 MP: 5/5
  2090 | D:2      | Found a runed translucent door.
  2091 | D:2      | Noticed Crazy Yiuf
  2190 | D:3      | Found a white marble altar of Elyvilon.
  2242 | D:3      | Reached XP level 6. HP: 37/41 MP: 6/6
  2413 | D:3      | Found a stormy altar of Qazlal.
  2462 | D:3      | Found Hiukaisi's Assorted Antiques.
  3027 | D:4      | Reached skill level 5 in Unarmed Combat
  3071 | D:4      | Noticed Robin
  3087 | D:4      | Killed Robin
  3197 | D:4      | Slain by an iguana

Illustrated notes

Levels and vault maps discovered:
D:1:      minmay_arrival_nine_rooms, layout_loops_ring,
          shapermc_ecumenical_altar_flowoftime, chequers_big_river
D:2:      layout_loops_corners, basic_altar, uniq_jessica,
          uniq_crazy_yiuf_cottage, uniq_sigmund
D:3:      layout_loops_ring, mainiacjoe_overflow_cross_hatched,
          mainiacjoe_overflow_chevrons, serial_shops,
          nicolae_shop_tiny_real_fake_doors, st_stairs_7, eino_tiny_chamber,
          hangedman_decor_opposing
D:4:      layout_rooms, grunt_temple_overflow_holy_war, serial_co_window_serial,
          co_window_corner_a, co_window_of_opportunity_a, co_window_corner_a,
          co_window_corner_a, co_window_of_opportunity_a,
          co_window_of_opportunity_b, co_window_cross_2, co_window_broadway_b,
          co_window_2corner, co_window_corner_cb, co_window_broadway_a,
          co_window_of_opportunity_b, glass_columns_b, glass_columns_a,
          glass_columns_a, glass_columns_a, uniq_robin

Skill      XL: |  1  2  3  4  5  6 |
---------------+-------------------+-----
Throwing       | 1 2 |  2.8
Fighting       | 2 3 |  3.0
Unarmed Combat | 4 5 |  5.1
Dodging        | |  2.0
Shapeshifting  | |  3.9

Action                     |  1- 3 |  4- 6 || total
---------------------------+-------+-------++-------
  Melee: Unarmed           |    36 |    90 ||   126
         Constrict         |    11 |    25 ||    36
         Tentacles         |     6 |    13 ||    19
         Punch             |     3 |     2 ||     5
  Throw: Boomerang         |     9 |    15 ||    24
    Use: Potion            |       |     1 ||     1
   Stab: Sleeping          |     5 |     4 ||     9
 Armour: Skin              |       |     9 ||     9
  Dodge: Dodged            |    13 |    20 ||    33

Table legend: (Time is in decaauts)
 A = Elapsed time spent in this place.
 B = Non-inter-level travel time spent in this place.
 C = Inter-level travel time spent in this place.
 D = Time resting spent in this place.
 E = Time spent auto-exploring this place.
 F = Levels seen in this place.
 G = Mean time per level.
                   A        B        C        D        E       F      G
               +--------+--------+--------+--------+--------+-----+--------+
         Total |   3190 |   3051 |    139 |    131 |   2421 |   4 |  797.5 |
       Dungeon |   3190 |   3051 |    139 |    131 |   2421 |   4 |  797.5 |
               +--------+--------+--------+--------+--------+-----+--------+

Top non-repeatable levels by time:
     D:2: 1250 daAuts
     D:1: 858 daAuts
     D:3: 771 daAuts
     D:4: 310 daAuts
